 Dungeon Crawl Stone Soup version 0.18.1-48-g4cf74bf (webtiles) character file.

1889 Gargoyl the Covered (level 8, -1/64 HPs)
             Began as a Demonspawn Abyssal Knight on July 6, 2016.
             Was an Elder of Lugonu.
             Slain by Menkaure (9 damage)
             ... on level 6 of the Dungeon.
             The game lasted 00:13:24 (7055 turns).

Gargoyl the Covered (Demonspawn Abyssal Knight)     Turns: 7055, Time: 00:13:25

Health: -1/64      AC: 12    Str: 17      XL:     8   Next: 92%
Magic:  9/9        EV:  8    Int: 13 (14) God:    Lugonu [****..]
Gold:   70         SH:  0    Dex: 14 (15) Spells: 0 memorised, 7 levels left

rFire  . . .     SeeInvis .     q - +5 war axe
rCold  . . .     Gourm    .     y - +1 chain mail
rNeg   . . .     Faith    .     (no shield)
rPois  .         Spirit   .     s - +0 helmet of Biar {rCorr Str+3 Dex+2 Slay-3}
rElec  .         Dismiss  .     (no cloak)
rCorr  +         Reflect  .     (no gloves)
SustAt .         Harm     .     (no boots)
MR     .....                    m - amulet of magic regeneration
Stlth  ..........               (no ring)
                                (no ring)

@: not resistant to hostile enchantments, extremely unstealthy
A: hooves 1, demonic guardian 1, rot immunity
a: Depart the Abyss, Bend Space, Banish, Corrupt, Renounce Religion


You were on level 6 of the Dungeon.
You worshipped Lugonu.
Lugonu was greatly pleased with you.
You were not hungry.

You visited 1 branch of the dungeon, and saw 6 of its levels.
You visited the Abyss 1 time.
You also visited: Ossuary.

You collected 262 gold pieces.
You spent 192 gold pieces at shops.

Inventory:

Hand Weapons
 a - a +1 hand axe
 q - a +5 war axe (weapon)
Missiles
 b - a poisoned tomahawk (quivered)
 p - 4 javelins
Armour
 s - the +0 helmet of Biar (worn) {rCorr Str+3 Dex+2 Slay-3}
   (You took it off Robin on level 3 of the Dungeon)

   It affects your strength (+3).
   It affects your dexterity (+2).
   It affects your accuracy and damage with ranged weapons and melee attacks
   (-3).
   It protects you from acid and corrosion.
 y - a +1 chain mail (worn)
Jewellery
 m - an amulet of magic regeneration (around neck)
 B - an uncursed ring of positive energy {unknown}
Wands
 k - a wand of paralysis (13/24)
Scrolls
 e - 8 scrolls of remove curse
 o - 2 scrolls of identify
 u - a scroll of blinking
Potions
 d - 2 potions of brilliance
 h - a potion of lignification {unknown}
 i - 2 potions of curing
 j - a potion of resistance
 t - a potion of flight
 v - a potion of might {unknown}
 x - a potion of cure mutation {unknown}
 A - a potion of cancellation {unknown}
Books
 r - a book of the Tempests

   Spells                             Type                      Level
   a - Static Discharge               Conjuration/Air              3
   b - Lightning Bolt                 Conjuration/Air              5
   c - Fireball                       Conjuration/Fire             5
   d - Tornado                        Air                          9
   e - Shatter                        Earth                        9
 z - a book of Battle

   Spells                             Type                      Level
   a - Infusion                       Charms                       1
   b - Shroud of Golubria             Charms/Translocation         2
   c - Song of Slaying                Charms                       2
   d - Spectral Weapon                Hexes/Charms                 3
   e - Regeneration                   Charms/Necromancy            3
Miscellaneous
 g - a phial of floods
Comestibles
 c - 3 bread rations
 f - 2 meat rations
 l - 3 chunks of flesh


   Skills:
 + Level 5.8 Fighting
 + Level 5.5 Axes
 + Level 0.5 Throwing
 * Level 7.1 Armour
 + Level 3.2 Dodging
 + Level 1.3 Stealth
 + Level 2.6 Invocations


You had 7 spell levels left.
You didn't know any spells.

Dungeon Overview and Level Annotations

Branches:
Dungeon (6/15)             Temple (0/1) D:6

Altars:
Gozag
Sif Muna

Shops:
D:5 *

Annotations:
D:6 Menkaure


Innate Abilities, Weirdness & Mutations

You have large cloven feet.
A weak demonic guardian rushes to your aid.
You are immune to rotting.


Message History

Something hits you but does no damage. x2
Press: ? - help, Shift-Dir - straight line, f/p - Menkaure
Aim: Menkaure (fast, chance to defeat MR: 81%)
You fail to use your ability.
You hear some strange, mumbled words.
A puff of flame appears from out of thin air!
The puff of flame hits you!
* * * LOW HITPOINT WARNING * * *
Menkaure hits you but does no damage.
Drink which item? (? for menu, Esc to quit)
You feel better.
You are engulfed in a cloud of scalding steam.
* * * LOW HITPOINT WARNING * * *
You hear some strange, mumbled words.
A puff of flame appears from out of thin air!
The puff of flame hits you!
* * * LOW HITPOINT WARNING * * *
Menkaure shouts, "You disturbed my rest!
Die!"
Menkaure hits you!
You die...

.. .... .####
#... ..... ...##
.... ..#. ...
#..###'###
#..#.M{..#
#####..#5@.⌠.#
#.#.P....'(.>..+
#.PP....#.⌠.⌠.#
##
##P#....#.(...#
...
#P...####+###....
####....#........
#....#<.....#
#.............
#............#


You could see Menkaure and a friendly iron imp.

Vanquished Creatures
  The ghost of Ge0ff the Conjurer, an amateur OpCj (D:5)
  Duvessa (D:5)
  A phantom (D:4)
  An ice beast (D:5)
  2 ogres (D:5)
  2 centaurs (D:5)
  The ghost of Ge0ff the Conjurer, an amateur OpCj (D:3)
  2 elf zombies (Ossuary)
  A scorpion (D:5)
  A water moccasin skeleton (D:5)
  A howler monkey (D:5)
  A human zombie (Ossuary)
  2 hounds
  2 orc priests
  3 orc wizards (D:4)
  A giant frog skeleton (D:5)
  2 iguanas
  4 worker ants
  A big kobold zombie (Ossuary)
  2 mummies (Ossuary)
  Robin (D:3)
  A worker ant zombie (D:5)
  7 adders
  2 adder zombies (Ossuary)
  5 dart slugs
  3 giant geckos
  15 orcs
  6 giant cockroaches
  14 goblins
  9 hobgoblins
  8 jackals
  9 kobolds
  3 quokkas
  10 bats
  5 giant newts
  2 goblin zombies (Ossuary)
  11 hobgoblin zombies (Ossuary)
  5 kobold zombies (Ossuary)
  10 orc zombies (Ossuary)
  A quokka zombie (D:5)
  8 rats
  2 rat zombies (Ossuary)
169 creatures vanquished.

Vanquished Creatures (collateral kills)
  Grinder (D:5)
  An ogre (D:3)
  Dowan (D:5)
  2 orc wizards
  Jessica (D:3)
  An adder (D:3)
  2 orcs
  A hobgoblin (D:3)
  A kobold (D:3)
11 creatures vanquished.

Grand Total: 180 creatures vanquished

Notes
Turn   | Place    | Note
--------------------------------------------------------------
     0 | Abyss:1  | Gargoyl the Demonspawn Abyssal Knight began the quest for the Orb.
     0 | Abyss:1  | Reached XP level 1. HP: 18/18 MP: 2/2
    74 | Abyss:2  | Noticed a freezing wraith
   109 | Abyss:2  | Noticed a large abomination
   110 | D:1      | Escaped the Abyss
   160 | D:1      | Reached skill level 1 in Dodging
   172 | D:1      | Gained mutation: A weak demonic guardian rushes to your aid. [demonic ancestry]
   172 | D:1      | Reached XP level 2. HP: 16/24 MP: 3/3
   179 | D:1      | Reached * piety under Lugonu
   430 | D:1      | Reached skill level 2 in Armour
   814 | D:2      | Gained mutation: You have large cloven feet. [demonic ancestry]
   814 | D:2      | Reached XP level 3. HP: 16/29 MP: 4/4
  1493 | D:2      | Reached ** piety under Lugonu
  1671 | D:3      | Noticed Jessica
  1684 | D:3      | Killed Jessica
  1684 | D:3      | Reached XP level 4. HP: 37/37 MP: 5/5
  1777 | D:3      | Noticed Ge0ff's ghost (amateur OpCj)
  1958 | D:3      | Killed Ge0ff's ghost
  1958 | D:3      | Reached skill level 3 in Armour
  2157 | D:3      | Reached skill level 1 in Stealth
  2157 | D:3      | Gained mutation: You are immune to rotting. [demonic ancestry]
  2157 | D:3      | Reached XP level 5. HP: 23/42 MP: 6/6
  2336 | D:3      | Noticed Robin
  2350 | D:3      | Killed Robin
  2353 | D:3      | Got a brightly glowing helmet
  2359 | D:3      | Identified the +0 helmet of Biar {rCorr Str+3 Dex+2 Slay-3} (You took it off Robin on level 3 of the Dungeon)
  2839 | D:3      | Found an opulent altar of Gozag.
  3027 | D:3      | Noticed an ogre
  3031 | D:3      | Killed an ogre
  3485 | D:4      | Reached XP level 6. HP: 27/48 MP: 7/7
  3682 | D:4      | Reached skill level 4 in Armour
  3864 | D:4      | Reached *** piety under Lugonu
  4013 | D:4      | Found a deep blue altar of Sif Muna.
  4347 | D:4      | Reached XP level 7. HP: 50/54 MP: 8/8
  4705 | D:5      | Entered Level 5 of the Dungeon
  4757 | D:5      | Found a sand-covered staircase.
  4765 | Ossuary  | Entered an ossuary
  4901 | Ossuary  | Reached **** piety under Lugonu
  4932 | Ossuary  | Reached skill level 5 in Armour
  5266 | D:5      | Reached skill level 5 in Fighting
  5266 | D:5      | Reached XP level 8. HP: 16/62 MP: 9/9
  5605 | D:5      | Found Cueneu's Assorted Antiques.
  5609 | D:5      | Noticed Duvessa
  5609 | D:5      | Noticed Dowan
  5618 | D:5      | Killed Duvessa
  5624 | D:5      | Killed Dowan
  5776 | D:5      | Bought a potion of heal wounds for 120 gold pieces
  5776 | D:5      | Bought a potion of curing for 72 gold pieces
  5812 | D:5      | Reached skill level 5 in Axes
  5820 | D:5      | Noticed Ge0ff's ghost (amateur OpCj)
  5828 | D:5      | Killed Ge0ff's ghost
  5839 | D:5      | Reached skill level 6 in Armour
  6063 | D:5      | Noticed Grinder
  6063 | D:5      | Paralysed by Grinder for 7 turns
  6080 | D:5      | Killed Grinder
  6709 | D:5      | Reached skill level 7 in Armour
  7040 | D:6      | Found a staircase to the Ecumenical Temple.
  7048 | D:6      | Noticed Menkaure
  7055 | D:6      | Slain by Menkaure

Skill      XL: |  1  2  3  4  5  6  7  8 |
---------------+-------------------------+-----
Dodging        | 1 2 3 |  3.2
Armour         | 2 3 4 5 7 |  7.1
Axes           | 2 3 4 5 |  5.5
Stealth        | 1 |  1.3
Fighting       | 4 5 |  5.8
Throwing       | |  0.5
Invocations    | |  2.6

Action                   |  1- 3 |  4- 6 |  7- 9 || total
-------------------------+-------+-------+-------++-------
Melee: Hand axe          |   146 |     1 |       ||   147
       Kick              |    10 |    33 |    73 ||   116
       War axe           |       |   168 |   254 ||   422
Throw: Tomahawk          |       |     8 |       ||     8
Invok: Depart the Abyss  |     1 |       |       ||     1
  Use: Potion            |       |     1 |     7 ||     8
       Scroll            |       |     8 |     6 ||    14
 Stab: Distracted        |     1 |     1 |       ||     2
  Eat: Chunk             |     2 |     9 |     5 ||    16
       Bread ration      |       |       |     1 ||     1
Armor: Ring mail         |    73 |       |       ||    73
       Scale mail        |       |   102 |       ||   102
       Chain mail        |       |    41 |   186 ||   227
Dodge: Dodged            |    88 |   120 |   142 ||   350
